 Dungeon Crawl Stone Soup version 0.14.2 (webtiles) character file.

1955 Amnesiac the Fetichist (level 8, -1/37 HPs)
             Began as a Spriggan Artificer on Feb 10, 2018.
             Was a Priest of Nemelex Xobeh.
             Slain by a black bear (3 damage)
             ... on Level 7 of the Dungeon.
             The game lasted 00:15:53 (10099 turns).

Amnesiac the Fetichist (Spriggan Artificer)        Turns: 10099, Time: 00:15:53

HP  -1/37        AC  6     Str 10 (11) XL: 8   Next: 67%
MP  27/27        EV 22     Int 11 (13) God: Nemelex Xobeh [***...]
Gold 305         SH  0     Dex 17      Spells:  0 memorised,  7 levels left

rFire  . . .     SeeInvis +     p - -2,-3 spear (curse)
rCold  . . .     Rnd*Rage +     e - +0 robe
rNeg   . . .     Conserve .     (shield restricted)
rPois  .         rCorr    .     (helmet restricted)
rElec  .         rRot     .     n - +1 cloak
SustAb . .       Spirit   .     (gloves unavailable)
rMut   .         Warding  .     (boots unavailable)
Saprov . . .     Stasis   .     i - amulet of inaccuracy {unknown}
MR     +....                    l - +4 ring of evasion
                                s - +0,+8 ring of slaying {unknown}

@: very quick, somewhat resistant to hostile enchantments, fairly stealthy
A: unfitting armour, thin metallic scales 1, see invisible, berserk 1,
deterioration 1, herbivore 3, speed 3, screaming 1, slow metabolism 2, strong 1
a: Draw One, Peek at Two, Triple Draw, Renounce Religion


You were on level 7 of the Dungeon.
You worshipped Nemelex Xobeh.
Nemelex Xobeh was most pleased with you.
You were not hungry.

You visited 2 branches of the dungeon, and saw 8 of its levels.

You collected 305 gold pieces.

Inventory:

Hand weapons
 a - a +0,+0 short sword
 m - a +2,+2 short sword of speed
 p - a cursed -2,-3 spear (weapon)
 r - a +0,+2 dagger of venom
 v - a +2 blowgun
Missiles
 q - 20 poisoned needles
Armour
 e - a +0 robe (worn)
 n - a +1 cloak (worn)
Magical devices
 b - a wand of flame (6)
 c - a wand of enslavement (22)
 d - a wand of random effects (0)
Comestibles
 j - 6 bread rations
 o - an apple
Scrolls
 k - a scroll of fear {!r}
 t - a scroll of enchant armour {!r}
 x - 4 scrolls of magic mapping {!r}
 z - 4 scrolls of identify {!r}
 B - a scroll of enchant weapon II {!r}
 C - a scroll of amnesia {!r}
Jewellery
 i - an amulet of inaccuracy (around neck) {unknown}
 l - a +4 ring of evasion (right hand)
 s - a +0,+8 ring of slaying (left hand) {unknown}
Potions
 f - a potion of heal wounds {!q}
 g - 5 potions of curing {!q}
Miscellaneous
 h - a plain deck of destruction
 u - a plain deck of destruction
 w - an ornate deck of destruction


   Skills:
 - Level 1.0 Fighting
 - Level 2.0 Short Blades
 - Level 3.0 Dodging
 - Level 2.0 Stealth
 * Level 15.0 Evocations


You had 7 spell levels left.
You didn't know any spells.

Dungeon Overview and Level Annotations

Branches:
Dungeon (7/15)             Temple (1/1) D:5

Altars:
Cheibriados
Dithmenos
Elyvilon
Fedhas
Kikubaaqudgha
Makhleb
Nemelex Xobeh
Okawaru
Sif Muna
Trog
Xom
Yredelemnul
The Shining One

Annotations:
D:7 Amnesiac's ghost, experienced SpAr


Innate Abilities, Weirdness & Mutations

You are tiny and cannot use many weapons and most armour.
You have supernaturally acute eyesight.
You are a herbivore.
You cover ground extremely quickly.
You need consume almost no food.
You are partially covered in thin metallic scales (AC +2).
You tend to lose your temper in combat.
Your body is slowly deteriorating.
You occasionally shout uncontrollably.
Your muscles are strong. (Str +2)


Message History

The black bear closely misses you. x2
You closely miss the black bear.
The black bear is lightly wounded.
The black bear closely misses you.
The black bear claws you but does no damage.
The black bear completely misses you.
You miss the black bear.
The black bear is lightly wounded.
The black bear barely misses you.
The black bear claws you but does no damage. x2
You hit the black bear.
The black bear is moderately wounded.
The black bear bites you. The black bear completely misses you.
The black bear completely misses you.
You barely miss the black bear.
The black bear is moderately wounded.
The black bear closely misses you. The black bear claws you.
The black bear misses you.
You barely miss the black bear.
The black bear is moderately wounded.
The black bear bites you but does no damage.
The black bear claws you but does no damage.
The black bear completely misses you.
You hit the black bear.
The black bear is heavily wounded.
The black bear misses you. x2
The black bear claws you.
You hit the black bear.
The black bear is heavily wounded.
The black bear closely misses you.
The black bear claws you but does no damage.
The black bear completely misses you.
You puncture the black bear!
The black bear is almost dead.
The black bear goes berserk!
Attack whom?
Press: ? - help, Dir - move target cursor, f - black bear
Aim: a black bear (almost dead, berserk)
You reach to attack!
You barely miss the black bear.
The black bear is almost dead.
The black bear rages.
You closely miss the black bear.
The black bear is almost dead.
The black bear barely misses you. x2
The black bear misses you. The black bear closely misses you.
The black bear closely misses you. The black bear completely misses you.
You hit the black bear.
The black bear is almost dead.
The black bear closely misses you. The black bear misses you.
The black bear barely misses you.
You barely miss the black bear.
The black bear is almost dead.
The black bear bites you! The black bear claws you. The black bear claws you.
* * * LOW HITPOINT WARNING * * *
The black bear completely misses you. The black bear closely misses you.
The black bear closely misses you.
You closely miss the black bear.
The black bear is almost dead.
The black bear bites you!
* * * LOW HITPOINT WARNING * * *
The black bear completely misses you. The black bear closely misses you.
The black bear bites you.
You die...
Your body glows with a rainbow of weird colours and disappears.

##. #.. #.#
######.###
..........#
..........#
..........#
#.......U..#
#.!.....@..#
#...=......#
..........#
###########


You could see a black bear (berserk).

Vanquished Creatures
  2 orc warriors
  An ogre (D:3)
  2 sky beasts (D:6)
  An ice beast (D:5)
  A giant goldfish (D:6)
  A phantom (D:4)
  A centaur (D:6)
  A giant frog (D:6)
  A hippogriff zombie (D:3)
  3 wights (D:3)
  6 orc wizards
  2 hounds
  2 jellies
  2 orc priests
  3 worker ants
  Terence (D:3)
  3 gnolls (D:5)
  A shadow imp (D:5)
  4 adders
  A giant mite (D:6)
  An inept feature mimic (D:3)
  7 worms
  A giant eyeball (D:5)
  6 giant geckos
  An ooze (D:3)
  23 orcs
  A bat skeleton (D:4)
  4 giant cockroaches
  15 goblins
  13 hobgoblins
  2 jackals (D:3)
  2 quokkas (D:3)
  8 bats
  7 giant newts
  19 kobolds
  An orc zombie (D:5)
  16 rats
166 creatures vanquished.

Vanquished Creatures (collateral kills)
  An electric eel (D:6)
1 creature vanquished.

Grand Total: 167 creatures vanquished

Notes
Turn   | Place    | Note
--------------------------------------------------------------
     0 | D:1      | Amnesiac, the Spriggan Artificer, began the quest for the Orb.
     0 | D:1      | Reached XP level 1. HP: 9/9 MP: 2/2
    20 | D:1      | Reached skill level 1 in Fighting
   425 | D:1      | Reached XP level 2. HP: 5/14 MP: 5/5
  1432 | D:2      | Reached skill level 5 in Evocations
  1432 | D:2      | Reached XP level 3. HP: 18/18 MP: 8/8
  1467 | D:2      | Gained mutation: Your body is slowly deteriorating. [potion of mutation]
  1467 | D:2      | Gained mutation: You tend to lose your temper in combat. [potion of mutation]
  1467 | D:2      | Gained mutation: Your muscles are strong. (Str +2) [potion of mutation]
  2058 | D:2      | Reached skill level 6 in Evocations
  2236 | D:2      | Reached XP level 4. HP: 11/22 MP: 12/12
  2740 | D:3      | HP: 1/22 [hippogriff zombie (6)]
  2751 | D:3      | Reached skill level 7 in Evocations
  2751 | D:3      | Reached XP level 5. HP: 2/25 MP: 14/16
  3471 | D:3      | Reached skill level 8 in Evocations
  3626 | D:3      | Reached skill level 9 in Evocations
  3626 | D:3      | Reached XP level 6. HP: 20/30 MP: 20/20
  3847 | D:3      | Noticed Terence
  3867 | D:3      | Killed Terence
  4212 | D:3      | Reached skill level 10 in Evocations
  4217 | D:3      | Found a burning altar of Makhleb.
  4230 | D:3      | Found an ancient bone altar of Kikubaaqudgha.
  4230 | D:3      | Found a snail-covered altar of Cheibriados.
  4561 | D:4      | Reached XP level 7. HP: 26/33 MP: 22/22
  5066 | D:5      | Entered Level 5 of the Dungeon
  5107 | D:4      | Reached skill level 11 in Evocations
  5218 | D:5      | Found a shadowy altar of Dithmenos.
  5296 | D:5      | Found a burning altar of Makhleb.
  5753 | D:5      | Found an iron altar of Okawaru.
  5832 | D:5      | Reached skill level 12 in Evocations
  5985 | D:5      | Found a staircase to the Ecumenical Temple.
  6013 | Temple   | Entered the Ecumenical Temple
  6132 | Temple   | Became a worshipper of Nemelex Xobeh the Trickster
  6164 | D:5      | Received a gift from Nemelex Xobeh
  6310 | D:5      | Acquired Nemelex Xobeh's first power
  6808 | D:1      | Acquired Nemelex Xobeh's second power
  7210 | D:3      | Received a gift from Nemelex Xobeh
  8060 | D:4      | Gained mutation: You are partially covered in thin metallic scales (AC +2). [potion of mutation]
  8060 | D:4      | Gained mutation: You occasionally shout uncontrollably. [potion of mutation]
  8164 | D:5      | Reached skill level 13 in Evocations
  8164 | D:5      | Reached XP level 8. HP: 32/37 MP: 23/25
  8541 | D:6      | Reached skill level 14 in Evocations
  9050 | D:5      | Acquired Nemelex Xobeh's third power
  9324 | D:6      | Found a bloodstained altar of Trog.
  9368 | D:6      | Received a gift from Nemelex Xobeh
 10018 | D:7      | Noticed Amnesiac's ghost (experienced SpAr)
 10084 | D:7      | Reached skill level 15 in Evocations
 10099 | D:7      | Slain by a black bear

Action                   |  1- 3 |  4- 6 |  7- 9 || total
-------------------------+-------+-------+-------++-------
Melee: Short sword       |   116 |       |       ||   116
       Spear             |   103 |   235 |   324 ||   662
Evoke: Wand              |       |     3 |    29 ||    32
  Use: Scroll            |     4 |     3 |     6 ||    13
       Potion            |     1 |     4 |     6 ||    11
 Stab: Sleeping          |     5 |     8 |     3 ||    16
       Distracted        |     1 |     1 |     2 ||     4
       Confused          |       |     1 |       ||     1
       Invisible         |       |       |     1 ||     1
